 Dungeon Crawl Stone Soup version 0.22-a0-772-gac08f70 (webtiles) character file.

6 Zenonira the Charmwright (level 1, 0/19 HPs)
             Began as a Naga Skald on July 17, 2018.
             Slain by a jackal (2 damage)
             ... on level 1 of the Dungeon.
             The game lasted 00:00:46 (50 turns).

Zenonira the Charmwright (Naga Skald)                 Turns: 50, Time: 00:00:46

Health: 0/19       AC:  1    Str: 13    XL:     1   Next: 90%
Magic:  3/3        EV:  9    Int: 13    God:
Gold:   0          SH:  0    Dex: 10    Spells: 3/4 levels left

rFire    . . .     SeeInvis +   a - +0 mace
rCold    . . .     Gourm    .   (no shield)
rNeg     . . .     Faith    .   b - +0 leather armour
rPois    +         Spirit   .   (no helmet)
rElec    .         Reflect  .   (no cloak)
rCorr    .         Harm     .   (no gloves)
MR       .....                  (no barding)
Stlth    +.........             (no amulet)
HPRegen  0.06/turn              (no ring)
MPRegen  0.08/turn              (no ring)

@: very slow
A: large, see invisible, deformed body, poison resistance, slowness 2, slow
metabolism 1, spit poison 1, AC +0
a: Spit Poison


You were on level 1 of the Dungeon.
You were not hungry.

You visited 1 branch of the dungeon, and saw 1 of its levels.

Inventory:

Hand Weapons
 a - a +0 mace (weapon)
Armour
 b - a +0 leather armour (worn)
Comestibles
 d - a ration


   Skills:
 - Level 2.0 Fighting
 + Level 2.3 Maces & Flails
 - Level 0.7 Armour
 - Level 1.5 Dodging
 + Level 1.5 Stealth
 - Level 2.0 Spellcasting
 - Level 3.0 Charms


You had 3 spell levels left.
You knew the following spells:

 Your Spells              Type           Power        Failure   Level  Hunger
a - Infusion              Chrm           #...         10%         1    ##.....

Your spell library contained the following spells:

 Spells                   Type           Power        Failure   Level  Hunger
 Regeneration             Chrm/Necr      #.........   45%         3    ####...
 Shroud of Golubria       Chrm/Tloc      #.........   26%         2    ###....
 Song of Slaying          Chrm           #.......     14%         2    ###....
 Spectral Weapon          Hex/Chrm       #.......     45%         3    ####...


Dungeon Overview and Level Annotations

Branches:
Dungeon (1/15)

Altars:


Innate Abilities, Weirdness & Mutations

You cannot wear boots.
Your serpentine skin is tough. (AC +0)
You have supernaturally acute eyesight. (SInv)
Armour fits poorly on your strangely shaped body.
Your system is resistant to poisons. (rPois)
You cover ground very slowly.
You have a slow metabolism.
You can spit poison.


Message History

You are too injured to fight recklessly!
You are too injured to fight recklessly!
You hit the jackal.
You kill the jackal!
The jackal bites you.
You sock the jackal!
You kill the jackal!
The jackal barely misses you.
You hit the jackal but do no damage.
You have got your breath back.
The jackal barely misses you. x2
You closely miss the jackal. The jackal bites you.
* * * LOW HITPOINT WARNING * * *
The jackal completely misses you.
You closely miss the jackal.
The jackal bites you but does no damage.
The jackal bites you.
* * * LOW HITPOINT WARNING * * *
You closely miss the jackal. The jackal bites you.
You die...

..... .... ..... ...
..#.....
......PPPPPPPPPPP.P.....
(.....P.... ....P.P....#
......P.P.PPP.PPP.P....#
......P.P.P...P...P....#
......P.PPPPP.PPP.P..>.#
#....†P.)h@.P...?.P....#
#.....P.PPP.PPPPPPP....####
#.......P...P.............#
#.....P.P.PPP.PPPPP######.#
#.....P.P.........P# #'#


#.....PPPPPPPPP.PPP# ##♣.♣ #.........####..## #..<. ########### #.## ##≈≈≈ #.#
#PPP You could see a jackal.

Vanquished Creatures
  3 jackals (D:1)
  A bat (D:1)
  A kobold (D:1)
  A rat (D:1)
6 creatures vanquished.

Notes
Turn   | Place    | Note
-------+----------+-------------------------------------------
     0 | D:1      | Zenonira the Naga Skald began the quest for the Orb.
     0 | D:1      | Reached XP level 1. HP: 19/19 MP: 3/3
    43 | D:1      | Reached skill level 1 in Stealth
    50 | D:1      | Slain by a jackal

Vault maps used:
D:1:      tarquinn_simple_flora_water_e, minmay_hedge_maze,
          kennysheep_another_room

Skill      XL: |  1 |
---------------+----+-----
Stealth        | 1 |  1.5
Fighting       | |  2.0
Maces & Flails | |  2.3
Armour         | |  0.7
Dodging        | |  1.5
Spellcasting   | |  2.0
Charms         | |  3.0

Action                   || total
-------------------------++-------
Melee: Mace              ||    16
 Abil: Spit Poison       ||     3
Armor: Leather armour    ||     2
Dodge: Dodged            ||    11

Table legend:
 A = Spawn XP
 B = Non-spawn XP
 C = Spawn XP percentage of total XP
 D = Spawn monster count
 E = Non-spawn monster count
 F = Spawn count percentage of total count
 G = Total turns spent on level
                    A         B        C        D         E        F      G
               +---------+---------+-------+---------+---------+-------+---------
         Total |       0 |       9 |   0.0 |       0 |       6 |   0.0 |    50
               +---------+---------+-------+---------+---------+-------+---------
           D:1 |       0 |       9 |   0.0 |       0 |       6 |   0.0 |    50
               +---------+---------+-------+---------+---------+-------+---------
